 Dungeon Crawl Stone Soup version 0.27.1-33-g824d729ab1 (webtiles) character file.

Game seed: 9826429758472394142

11328 McKennaii the Destroyer (level 11, -8/74 HPs)
             Began as a Demigod Conjurer on Dec 4, 2021.
             Shot with an arrow by a centaur warrior (19 damage)
             ... on level 10 of the Dungeon.
             The game lasted 00:17:06 (13900 turns).

McKennaii the Destroyer (Demigod Conjurer)         Turns: 13900, Time: 00:17:07

Health: -8/74      AC: 12    Str:  8    XL:     11   Next: 24%
Magic:  25/29      EV: 14    Int: 32    God:
Gold:   219        SH:  0    Dex: 12    Spells: 23/30 levels left

rFire    . . .     SeeInvis .   e - +2 war axe (freeze)
rCold    + . .     Faith    .   (no shield)
rNeg     . . .     Spirit   .   M - +2 robe {rC+}
rPois    .         Reflect  .   x - +0 helmet
rElec    .         Harm     .   u - +0 cloak
rCorr    .         Rampage  .   i - +0 pair of gloves
Will     +....                  c - +0 pair of boots
Stlth    +++.......             N - amulet of regeneration
HPRegen  1.22/turn              f - +4 ring of protection
MPRegen  0.21/turn              a - ring of wizardry

@: no status effects
A: high mp 1, forlorn
a: no special abilities


You were on level 10 of the Dungeon.
You visited 1 branch of the dungeon, and saw 10 of its levels.

You collected 719 gold pieces.
You spent 500 gold pieces at shops.

Inventory:

Hand Weapons
 e - a +2 war axe of freezing (weapon)
Missiles
 H - a throwing net
Armour
 c - a +0 pair of boots (worn)
 i - a +0 pair of gloves (worn)
 u - a +0 cloak (worn)
 x - a +0 helmet (worn)
 M - a +2 robe of cold resistance (worn)
 O - +0 steam dragon scales
Magical Staves
 J - a staff of earth
Jewellery
 a - a ring of wizardry (right hand)
 f - a +4 ring of protection (left hand)
 k - a ring of ice
 G - a ring of fire
 N - an amulet of regeneration (around neck)
Wands
 q - a wand of digging (5)
 B - a wand of mindburst (8)
 F - a wand of paralysis (10)
Scrolls
 d - 7 scrolls of teleportation {unknown}
 h - a scroll of brand weapon {unknown}
 m - 4 scrolls of fear {unknown}
 o - 2 scrolls of enchant weapon {unknown}
 s - a scroll of amnesia {unknown}
 t - a scroll of vulnerability {unknown}
 y - 8 scrolls of identify {unknown}
 z - 4 scrolls of torment {unknown}
 C - 2 scrolls of silence {unknown}
 I - 2 scrolls of magic mapping {unknown}
 K - a scroll of enchant armour {unknown}
 P - a scroll of fog {unknown}
Potions
 b - a potion of lignification {unknown}
 g - 2 potions of degeneration {unknown}
 j - 2 potions of brilliance {unknown}
 l - 4 potions of flight {unknown}
 n - 2 potions of mutation {unknown}
 p - a potion of curing {unknown}
 r - 3 potions of attraction {unknown}
 v - a potion of berserk rage {unknown}
 w - a potion of cancellation {unknown}
 A - 2 potions of haste {unknown}
 E - a potion of heal wounds {unknown}
 L - a potion of might {unknown}


   Skills:
 - Level 6.0 Dodging
 - Level 5.0 Stealth
 - Level 10.0 Spellcasting
 + Level 11.4 Conjurations


You had 23 spell levels left.
You knew the following spells:

 Your Spells              Type           Power      Damage    Failure   Level
a - Magic Dart            Conj           100%       1d8       1%          1
b - Searing Ray           Conj           100%       3d7       1%          2
c - Iskenderun's Mystic   Conj/Tloc      51%        2d11      1%          4

Your spell library contained the following spells:

 Spells                   Type           Power      Damage    Failure   Level
 Animate Skeleton         Necr           32%        N/A       1%          1
 Beastly Appendage        Tmut           32%        N/A       1%          1
 Pain                     Necr           64%        1d7       1%          1
 Static Discharge         Conj/Air       51%        N/A       1%          2
 Wereblood                Tmut           16%        N/A       1%          2
 Dazzling Flash           Conj/Hex       100%       N/A       1%          3
 Fulminant Prism          Conj/Hex       25%        3d14      1%          4
 Sticky Flame             Conj/Fire      51%        2d7       1%          4
 Spider Form              Tmut/Pois      8%         N/A       3%          3
 Vampiric Draining        Necr           8%         2d7       3%          3
 Dispel Undead            Necr           16%        3d10      12%         4


Dungeon Overview and Level Annotations

Branches:
Dungeon (10/15)            Temple (0/1) D:6            Lair (0/6) D:8
    Orc: D:9-12

Shops:
D:7 (   D:9 =*

Annotations:
D:10 Maurice


Innate Abilities, Weirdness & Mutations

Your attributes grow dramatically as you level up.
You have an increased reservoir of magic. (+10% MP)
You shall have no god before yourself.


Message History

+0 fire dragon scales; a fire dragon skeleton You enter the shallow water.
Moving in this stuff is going to be slow.
You enter the shallow water.
Moving in this stuff is going to be slow.
You enter the shallow water.
Moving in this stuff is going to be slow.
There is an open door here.
An acid dragon comes into view.
The acid dragon roars!
The centaur warrior wields a +0 shortbow.
The centaur warrior shoots an arrow.
The arrow hits you!
Casting: Magic Dart (safe; 1% risk of failure)
Confirm with . or Enter, or press ? or * to list all spells.
You can't see any susceptible monsters within range! (Use Z to cast anyway.)
Aiming: Mindburst
Press: ? - help, Shift-Dir - straight line, f - centaur warrior
Aim: a centaur warrior, wielding a +0 shortbow and quivering arrows (chance to affect: 48%)
Okay, then.
The centaur warrior shoots an arrow.
The arrow hits you!
Casting: Magic Dart (safe; 1% risk of failure)
Confirm with . or Enter, or press ? or * to list all spells.
Aiming: Searing Ray (safe; 1% risk of failure)
Press: ? - help, Shift-Dir - straight line, f - centaur warrior
Aim: a centaur warrior, wielding a +0 shortbow and quivering arrows (87% to hit)
The searing ray hits the centaur warrior.
The centaur warrior is lightly wounded. (Press . to maintain the ray.)
The centaur warrior shoots an arrow.
The arrow hits you!
The centaur warrior shoots an arrow.
The arrow barely misses you.
The searing ray hits the centaur warrior.
The centaur warrior is lightly wounded.
The centaur warrior shoots an arrow.
The arrow hits you!
Unknown command.
The searing ray hits the centaur warrior!
The centaur warrior is heavily wounded.
The centaur warrior shoots an arrow.
The arrow hits you!
* * * LOW HITPOINT WARNING * * *
The centaur warrior shoots an arrow.
The arrow hits you!!
You die...

....#....#
....##...##########'####
..........#............#
..........#............#
..........'.......c....#
......... #............#
......... #............#
.....#### #......D.....#
....##########..@......#
...##≈≈≈≈....##........#
..##.########.##.......#
..#.##≈≈≈P..##≈#.......#
..#.#≈≈..÷...#≈#.......#
..#.#≈.......#.#.......#
..#≈#≈≈.≈≈..'#[#.......#
.##≈##≈..P..#..#.......#
##≈##########.##.......#


You could see a centaur warrior and an acid dragon.

Vanquished Creatures
  A fire dragon (D:10)
  Harold (D:7)
  Erolcha (D:10)
  2 two-headed ogres
  Maggie (D:8)
  2 trolls
  Prince Ribbit (D:7)
  Grinder (D:3)
  A hornet (D:9)
  Sigmund (D:3)
  2 yaks (D:10)
  3 wyverns
  3 steam dragons
  4 vampire mosquitoes (D:10)
  Menkaure (D:6)
  2 wargs (D:8)
  4 water moccasins
  2 orc warriors (D:8)
  A sky beast (D:6)
  2 ice beasts (D:7)
  4 ogres
  A hornet zombie (D:6)
  2 black bears (D:6)
  4 centaurs
  2 phantoms
  2 kobold brigands
  A bullfrog (D:8)
  A gnoll sergeant (D:8)
  2 scorpions
  A water moccasin zombie (D:5)
  3 water moccasin skeletons
  2 wyvern skeletons
  3 killer bees (D:9)
  4 howler monkeys
  9 electric eels
  3 centaur zombies
  A crimson imp (D:7)
  9 hounds
  3 jellies
  Crazy Yiuf (D:3)
  A bullfrog skeleton (D:6)
  5 orc priests
  A centaur skeleton (D:4)
  3 iguanas
  4 orc wizards
  A killer bee zombie (D:8)
  A howler monkey zombie (D:7)
  Robin (D:4)
  3 adders
  4 gnolls
  4 shadow imps
  A white imp (D:7)
  3 worms
  2 dart slugs
  16 orcs
  8 ball pythons
  7 endoplasms
  4 giant cockroaches
  7 goblins
  11 hobgoblins
  4 jackals (D:5)
  11 kobolds
  2 quokkas (D:3)
  A bat (D:1)
199 creatures vanquished.

Vanquished Creatures (others)
  44 plants
44 creatures vanquished.

Grand Total: 243 creatures vanquished

Notes
Turn   | Place    | Note
-------+----------+-------------------------------------------
     0 | D:1      | McKennaii the Demigod Conjurer began the quest for the Orb.
     0 | D:1      | Reached XP level 1. HP: 14/14 MP: 5/5
   233 | D:1      | Reached XP level 2. HP: 20/20 MP: 0/8
   358 | D:1      | Learned a level 2 spell: Searing Ray
  1327 | D:2      | Reached XP level 3. HP: 24/26 MP: 2/10
  1671 | D:3      | Noticed a scorpion
  1674 | D:3      | Killed a scorpion
  1675 | D:3      | Reached XP level 4. HP: 33/33 MP: 7/13
  1891 | D:3      | Found a runed translucent door.
  1892 | D:3      | Noticed Crazy Yiuf
  1910 | D:3      | Noticed Grinder
  1911 | D:3      | Noticed Sigmund
  1916 | D:3      | Killed Grinder
  1917 | D:3      | Reached skill level 5 in Spellcasting
  1917 | D:3      | Reached XP level 5. HP: 38/38 MP: 5/16
  1918 | D:3      | Killed Sigmund
  1919 | D:3      | Reached skill level 4 in Conjurations
  1919 | D:3      | Reached XP level 6. HP: 42/45 MP: 4/18
  2992 | D:3      | Killed Crazy Yiuf
  3343 | D:4      | Reached skill level 5 in Conjurations
  3343 | D:4      | Reached XP level 7. HP: 30/50 MP: 5/19
  3741 | D:4      | Noticed Robin
  3754 | D:4      | Killed Robin
  3991 | D:4      | Noticed a wyvern
  3997 | D:4      | Killed a wyvern
  3998 | D:4      | Reached skill level 6 in Conjurations
  4890 | D:4      | Learned a level 4 spell: Iskenderun's Mystic Blast
  5167 | D:4      | Reached skill level 7 in Conjurations
  5442 | D:5      | Entered Level 5 of the Dungeon
  5654 | D:5      | Reached XP level 8. HP: 57/57 MP: 15/20
  5841 | D:5      | Reached skill level 8 in Conjurations
  6166 | D:5      | Reached skill level 9 in Conjurations
  6647 | D:6      | Found a staircase to the Ecumenical Temple.
  6718 | D:6      | Reached skill level 10 in Conjurations
  6768 | D:6      | Reached XP level 9. HP: 62/62 MP: 8/21
  7273 | D:6      | Noticed Menkaure
  7281 | D:6      | Killed Menkaure
  7453 | D:7      | Noticed Harold
  7468 | D:7      | Reached skill level 5 in Dodging
  7870 | D:7      | Killed Harold
  8545 | D:7      | Found Syelo Riu's Weapon Shop.
  8788 | D:7      | Noticed Prince Ribbit
  8793 | D:7      | Killed Prince Ribbit
  9454 | D:8      | Noticed a two-headed ogre
  9461 | D:8      | Killed a two-headed ogre
  9462 | D:8      | Reached XP level 10. HP: 69/69 MP: 17/26
 10065 | D:8      | Found a staircase to the Lair.
 11092 | D:8      | Noticed Maggie
 11106 | D:8      | Killed Maggie
 11863 | D:9      | Noticed a two-headed ogre
 11871 | D:9      | Killed a two-headed ogre
 11872 | D:9      | Reached skill level 10 in Spellcasting
 12041 | D:9      | Found Geyng's Assorted Antiques.
 12042 | D:9      | Found Yreirr's Jewellery Emporium.
 12046 | D:9      | Bought a dark potion for 28 gold pieces
 12046 | D:9      | Bought an emerald potion for 28 gold pieces
 12046 | D:9      | Bought a scroll labelled ICHAER YMIUTAR for 32 gold pieces
 12046 | D:9      | Bought a scroll labelled ICHAER YMIUTAR for 32 gold pieces
 12046 | D:9      | Bought a scroll labelled UCEITY XUENG for 32 gold pieces
 12046 | D:9      | Bought a silvery potion for 28 gold pieces
 12046 | D:9      | Bought a steel ring for 160 gold pieces
 12046 | D:9      | Bought a thick golden amulet for 160 gold pieces
 12711 | D:10     | Entered Level 10 of the Dungeon
 12721 | D:10     | Noticed Maurice
 12992 | D:10     | Noticed Erolcha
 12997 | D:10     | Killed Erolcha
 12998 | D:10     | Reached XP level 11. HP: 74/74 MP: 24/29
 13199 | D:10     | Reached skill level 5 in Stealth
 13312 | D:10     | Noticed a centaur warrior
 13414 | D:10     | Reached skill level 11 in Conjurations
 13467 | D:10     | Noticed a fire dragon
 13481 | D:10     | Killed a fire dragon
 13900 | D:10     | Shot with an arrow by a centaur warrior

Illustrated notes

Levels and vault maps discovered:
D:1:      elethiomel_arrival_quiet, layout_loops_ring
D:2:      layout_basic, hellmonk_ecumenical_altar_heavens_door
D:3:      layout_basic, serial_forest, infiniplex_forest_straight_5,
          infiniplex_forest_end_2, infiniplex_forest_lined_room_3,
          infiniplex_forest_corner_1, infiniplex_forest_straight_2,
          infiniplex_forest_lined_corner, infiniplex_forest_straight_4,
          infiniplex_forest_split, infiniplex_forest_zigzag_2,
          infiniplex_forest_clump_small, minmay_close_crescents,
          uniq_crazy_yiuf_cottage, uniq_sigmund, uniq_grinder
D:4:      layout_layer_cave, lemuel_coloured_pillars_altar, uniq_robin
D:5:      layout_rooms, marbit_many_paths, lemuel_round_altar, grunt_tough_drop
D:6:      layout_rooms, mainiacjoe_overflow_paths,
          nemelex_xobeh_ov_fountains_minmay, temple_fountains, uniq_menkaure
D:7:      layout_loops_corners, led_sif_pool, amcnicky_altar_gilded,
          lemuel_tele_altar, serial_shops, nicolae_shop_stone,
          minmay_fire_ice_demons, uniq_prince_ribbit1, uniq_harold
D:8:      layout_layer_cave, elyvilon_altar_5, erik_lair_orcish_takeover,
          serial_bayou, serial_bayou_lagoon_a, serial_bayou_crossing,
          serial_bayou_pond_d, serial_bayou_pond_b, serial_bayou_pond_a,
          uniq_maggie
D:9:      layout_cave_pods, evilmike_ruin_ashenzari, nicolae_wooded_promenade
D:10:     cheibrodos_two_vegetables, layout_grid_maze, uniq_maurice,
          uniq_erolcha

Skill      XL: |  1  2  3  4  5  6  7  8  9 10 11 |
---------------+----------------------------------+-----
Spellcasting   | 2 3 4 5 6 8 10 | 10.0
Conjurations   | 4 5 7 10 11 | 11.4
Dodging        | 2 6 |  6.0
Stealth        | 4 5 |  5.0

Action                   |  1- 3 |  4- 6 |  7- 9 | 10-12 || total
-------------------------+-------+-------+-------+-------++-------
Melee: War axe           |       |       |       |     3 ||     3
 Cast: Magic Dart        |    47 |    39 |   211 |   122 ||   419
       Searing Ray       |     1 |     8 |    55 |    42 ||   106
       Iskenderun's Myst |       |       |     3 |     9 ||    12
Evoke: Wand              |       |       |     1 |     6 ||     7
Armor: Robe              |     2 |     2 |    27 |    35 ||    66
Dodge: Dodged            |     5 |    11 |    40 |    68 ||   124
